 Dungeon Crawl Stone Soup version 0.27-a0-1529-g1e82c303ef (webtiles) character file.

Game seed: 16019829992196339834

61 tilp the Caller (level 4, 0/33 HPs)
             Began as a Barachi Summoner on July 12, 2021.
             Slain by a worm (3 damage)
             ... while paralysed by Grinder
             ... on level 3 of the Dungeon.
             The game lasted 00:04:06 (3548 turns).

tilp the Caller (Barachi Summoner)                  Turns: 3548, Time: 00:04:07

Health: 0/33       AC:  2    Str: 10    XL:     4   Next: 7%
Magic:  8/8        EV:  2    Int: 15    God:
Gold:   108        SH:  0    Dex: 13    Spells: 3/9 levels left

rFire    . . .     SeeInvis .   a - +0 whip (elec)
rCold    . . .     Faith    .   (no shield)
rNeg     . . .     Spirit   .   d - +0 robe
rPois    .         Reflect  .   (no helmet)
rElec    .         Harm     .   (no cloak)
rCorr    .         Rampage  .   (no gloves)
Will     .....                  (no boots)
Stlth    ++........             (no amulet)
HPRegen  0.11/turn              (no ring)
MPRegen  0.11/turn              (no ring)

@: paralysed, unable to hop, slow
A: amphibious, slowness 1, strong legs 1, +LOS
a: Hop


You were on level 3 of the Dungeon.
You visited 1 branch of the dungeon, and saw 3 of its levels.

You collected 108 gold pieces.

Inventory:

Hand Weapons
 a - a +0 whip of electrocution (weapon)
 i - a +0 short sword
Armour
 d - a +0 robe (worn)
Wands
 f - a wand of iceblast (10)
Scrolls
 e - a scroll of silence
 j - a scroll of acquirement {unknown}
Potions
 b - a potion of curing {unknown}
 c - 2 potions of mutation
 h - a potion of might


   Skills:
 - Level 2.0 Fighting
 - Level 2.1 Dodging
 - Level 1.7 Stealth
 - Level 3.0 Spellcasting
 + Level 5.7 Summonings


You had 3 spell levels left.
You knew the following spells:

 Your Spells              Type           Power      Damage    Failure   Level
a - Summon Small Mammal   Summ           76%        N/A       1%          1
b - Call Imp              Summ           19%        N/A       3%          2
c - Call Canine Familiar  Summ           19%        N/A       6%          3

Your spell library contained the following spells:

 Spells                   Type           Power      Damage    Failure   Level
 Summon Guardian Golem    Hex/Summ       10%        N/A       19%         3
 Summon Lightning Spire   Summ/Air       10%        N/A       52%         4


Dungeon Overview and Level Annotations

Branches:
Dungeon (3/15)

Altars:

Annotations:
D:3 Grinder


Innate Abilities, Weirdness & Mutations

You are amphibious.
You cover ground slowly.
You can hop short distances.
You have an extended range of vision and can be seen from far away.


Message History

You hit the rat.
You kill the rat!
No target in view!
You see here a rat corpse.
You see here a +0 chain mail.
j - a scroll labelled TODEIC LODI A worm comes into view.
A hobgoblin and a kobold come into view.
The hobgoblin shouts!
Found a stone staircase leading down.
The kobold shouts!
Grinder shouts!
You hit the worm.
The worm is lightly wounded.
Grinder blinks!
The worm bites you! The hobgoblin barely misses you.
Grinder says, "At least Makhleb appreciates what I'm doing."
The hobgoblin hits you.
Grinder blinks!
The hobgoblin closely misses you.
Grinder blinks!
Grinder blinks!
Grinder misses you.
You closely miss Grinder. The hobgoblin hits you. Grinder gestures at you.
You resist with significant effort. Grinder hits you.
You writhe in agony.
* * * LOW HITPOINT WARNING * * *
Hop to where?
Press: ? - help, Dir - move target Boing!
Grinder blinks!
Unknown command.
As you read the scroll of teleportation, it crumbles to dust.
You feel strangely unstable.
Unknown command.
Grinder gestures at you.
You suddenly lose the ability to move!
Your surroundings suddenly seem different.
The worm bites you!
* * * LOW HITPOINT WARNING * * *
The worm bites you.
You die...

.§........... # .
...........#..#.. ##.
.................. ...
#.# ..^ #.# #.# ..# #.#
#.# #..#.#.. #######.#
. ....#.# #.......# #.
..##.# #.....@.# #.
#.#...
#....w..#.##.#####.#..#
#.......#....[..##.....
#.......# #.#.......#.#
##.###### #............
#.####### ##.........#
#.§.....# ###.##.....
#######.#### #.###...#
#...K..# #.# #...#


You could see a worm.

Vanquished Creatures
  An adder (D:2)
  2 ball pythons (D:1)
  An endoplasm (D:3)
  A giant cockroach (D:2)
  A hobgoblin (D:1)
  2 quokkas
  5 bats
  2 goblins (D:1)
  2 rats
17 creatures vanquished.

Vanquished Creatures (collateral kills)
  4 gnolls
  An adder (D:3)
  2 endoplasms
  A giant cockroach (D:1)
  2 goblins
  2 hobgoblins
  A jackal (D:3)
  A ball python (D:1)
  A frilled lizard (D:2)
  4 kobolds
  4 rats
23 creatures vanquished.

Grand Total: 40 creatures vanquished

Notes
Turn   | Place    | Note
-------+----------+-------------------------------------------
     0 | D:1      | tilp the Barachi Summoner began the quest for the Orb.
     0 | D:1      | Reached XP level 1. HP: 13/13 MP: 3/3
   185 | D:1      | Reached skill level 1 in Fighting
   354 | D:1      | Reached XP level 2. HP: 6/22 MP: 0/5
   572 | D:1      | Learned a level 2 spell: Call Imp
  1038 | D:1      | Reached skill level 5 in Summonings
  1930 | D:2      | Reached XP level 3. HP: 22/27 MP: 1/7
  2505 | D:2      | Learned a level 3 spell: Call Canine Familiar
  3008 | D:3      | Noticed Grinder
  3011 | D:3      | Found a faded altar of an unknown god.
  3269 | D:3      | Reached XP level 4. HP: 33/33 MP: 2/8
  3545 | D:3      | Paralysed by Grinder for 7 turns
  3548 | D:3      | Slain by a worm

Illustrated notes

Levels and vault maps discovered:
D:1:      enne_arrival_octagon_isle, layout_loops_cross, amethyst_killhole,
          columned_hall_lemuel, serial_bayou_pond_d
D:2:      layout_basic
D:3:      layout_basic, ebering_ecumenical_altar_mist, st_stairs_10,
          uniq_grinder

Skill      XL: |  1  2  3 |
---------------+----------+-----
Fighting       | 2 |  2.0
Summonings     | 5 |  5.7
Spellcasting   | 3 |  3.0
Dodging        | |  2.1
Stealth        | |  1.7

Action                   |  1- 3 |  4- 6 || total
-------------------------+-------+-------++-------
Melee: Short sword       |    57 |       ||    57
       Whip              |       |     5 ||     5
 Cast: Summon Small Mamm |    20 |       ||    20
       Call Imp          |    42 |       ||    42
       Call Canine Famil |     1 |       ||     1
 Abil: Hop               |     1 |     1 ||     2
  Use: Scroll            |     6 |     1 ||     7
 Stab: Sleeping          |     3 |     1 ||     4
       Distracted        |     1 |       ||     1
Armor: Robe              |     8 |       ||     8
Dodge: Dodged            |    44 |     5 ||    49

Table legend: (Time is in decaauts)
 A = Elapsed time spent in this place.
 B = Non-inter-level travel time spent in this place.
 C = Inter-level travel time spent in this place.
 D = Time resting spent in this place.
 E = Time spent auto-exploring this place.
 F = Levels seen in this place.
 G = Mean time per level.
                   A        B        C        D        E       F      G
               +--------+--------+--------+--------+--------+-----+--------+
         Total |   3865 |   3687 |    178 |    669 |   2557 |   3 | 1288.3 |
       Dungeon |   3865 |   3687 |    178 |    669 |   2557 |   3 | 1288.3 |
               +--------+--------+--------+--------+--------+-----+--------+

Top non-repeatable levels by time:
     D:1: 1864 daAuts
     D:2: 1333 daAuts
     D:3: 668 daAuts
